 Dungeon Crawl Stone Soup version 0.32-a0-163-g159c032296 (webtiles) character file.

Game seed: 11181184426924954512

51 CraigForest the Gusty (level 3, 0/27 HPs)
             Began as a Demigod Air Elementalist on Feb 10, 2024.
             Killed by divine providence
             ... invoked by an orc priest
              (7 damage)
             ... on level 2 of the Dungeon on Feb 11, 2024.
             The game lasted 00:14:06 (1698 turns).

CraigForest the Gusty (Demigod Air Elementalist)    Turns: 1698, Time: 00:14:07

Health: 0/27       AC:  2    Str:  9    XL:     3   Next: 38%
Magic:  0/8        EV: 12    Int: 21    God:
Gold:   94         SH:  0    Dex: 14    Spells: 5/6 levels left

rFire   . . .        j - +0 short sword (speed)
rCold   . . .        (no shield)
rNeg    . . .        a - +0 robe
rPois   .            (no helmet)
rElec   .            (no cloak)
rCorr   +            (no gloves)
SInv    .            (no boots)
Will    .....        (no amulet)
Stlth   ++           g - ring of resist corrosion
HPRegen 0.24/turn    (no ring)
MPRegen 0.11/turn

%: no passive effects
@: very slightly contaminated
A: high MP 1, forlorn, divine attributes
a: no special abilities


You were on level 2 of the Dungeon.
You visited 1 branch of the dungeon, and saw 2 of its levels.

You collected 94 gold pieces.

Inventory:

Hand Weapons
 f - a +1 dagger of holy wrath
 j - a +0 short sword of speed (weapon)
Armour
 a - a +0 robe (worn)
Jewellery
 g - a ring of resist corrosion (left hand)
Scrolls
 c - 2 scrolls of fog
 k - a scroll of fear {unknown}
Potions
 b - 2 potions of magic
 e - a potion of brilliance
 h - 2 potions of might
 i - a potion of degeneration
 l - a potion of cancellation
 m - a potion of curing {unknown}


   Skills:
 + Level 0.3 Fighting
 + Level 2.3 Dodging
 + Level 1.8 Stealth
 + Level 2.0 Spellcasting
 + Level 1.1 Conjurations
 + Level 3.4 Air Magic


You had 5 spell levels left.
You knew the following spells:

 Your Spells              Type           Power      Damage    Failure   Level
a - Shock                 Conj/Air       44%        1d5       6%          1

Your spell library contained the following spells:

 Spells                   Type           Power      Damage    Failure   Level
 Static Discharge         Conj/Air       22%        3-4/arc   9%          2
 Swiftness                Air            16%        N/A       11%         3
 Sting                    Conj/Alch      16%        1d4       12%         1
 Apportation              Tloc           4%         N/A       14%         1
 Necrotise                Necr           8%         1d4       14%         1
 Summon Small Mammal      Summ           8%         N/A       14%         1
 Call Imp                 Summ           4%         N/A       22%         2
 Sublimation of Blood     Necr           2%         N/A       22%         2
 Airstrike                Air            8%         2d(2-18)  34%         4
 Summon Hydra             Summ           1%         N/A       100%        7


Dungeon Overview and Level Annotations

Branches:
Dungeon (2/15)


Innate Abilities, Weirdness & Mutations

You have an increased reservoir of magic. (+10% MP)
You shall have no god before yourself.
Your divine heritage dramatically boosts your attributes as you level up.


Message History

The zap hits the hobgoblin.
The hobgoblin is severely wounded.
Aiming: Shock (safe; 6% risk of failure)
Press: ? - help, Q - select action Shift-Dir - straight line The zap hits the orc.
You kill the orc!
The orc priest begins to cast a cantrip, but forgets the words!
Aiming: Shock (safe; 6% risk of failure)
Press: ? - help, Q - select action Shift-Dir - straight line You miscast Shock.
You are very lightly contaminated with residual magic.
Nothing appears to happen.
Aiming: Shock (safe; 6% risk of failure)
Press: ? - help, Q - select action Shift-Dir - straight line The zap hits the hobgoblin.
You kill the hobgoblin!
The zap hits the orc.
The orc is heavily wounded.
The orc hits you with a +0 falchion.
Aiming: Shock (safe; 6% risk of failure)
Press: ? - help, Q - select action Shift-Dir - straight line The zap hits the orc.
The orc is severely wounded.
The zap hits the orc priest but does no damage.
The orc priest is heavily wounded.
The orc hits you with a +0 falchion.
Aiming: Shock (safe; 6% risk of failure)
Press: ? - help, Q - select action Shift-Dir - straight line The zap hits the orc priest.
The orc priest is heavily wounded.
The orc misses you.
Aiming: Shock (safe; 6% risk of failure)
Press: ? - help, Q - select action Shift-Dir - straight line You miscast Shock.
Nothing appears to happen.
The orc closely misses you. The orc hits you with a +0 falchion!
The orc hits you with a +0 trident! The orc hits you with a +0 falchion.
* * * LOW HITPOINT WARNING * * *
The orc priest mumbles some strange prayers to Beogh against you.
Beogh smites you!
You die...

######.♣♣~~P≈~~P~~♣..#
#..##.♣~~~~~~~..####
##..###~♣♣♣♣♣......#######
##....## ##.#####........
####.####..###.......###
#..##..###..~.~...#
##..........~~~~..#
####.##.....~.~~.#
#@o.####.....~.#
##oo............##
#...#####...#....##
.########)..# #...####...
....o.....#########.#######
...g.o<.........> .........
...o.o########.## ##.#.....
..... ...#### ...#


You could see an orc priest and 2 orcs.

Vanquished Creatures
  An orc (D:2)
  A ball python (D:1)
  5 endoplasms (D:1)
  4 giant cockroaches
  6 goblins (D:1)
  4 hobgoblins
  7 jackals (D:1)
  4 kobolds (D:1)
  A quokka (D:2)
  5 bats
  A frilled lizard (D:1)
39 creatures vanquished.

Notes
Turn   | Place    | Note
-------+----------+-------------------------------------------
     0 | D:1      | CraigForest the Demigod Air Elementalist began the quest
                  | for the Orb.
     0 | D:1      | Reached XP level 1. HP: 14/14 MP: 5/5
   120 | D:1      | Reached skill level 3 in Air Magic
   235 | D:1      | Reached XP level 2. HP: 20/20 MP: 5/7
   822 | D:1      | Reached skill level 1 in Conjurations
   958 | D:1      | Upgraded the game from 0.32-a0-132-g2d33c3cfaf to
                  | 0.32-a0-163-g159c032296
   971 | D:1      | Reached XP level 3. HP: 26/26 MP: 4/8
  1698 | D:2      | Killed from afar by an orc priest

Illustrated notes

Levels and vault maps discovered:
D:1:      saegor_arrival_simple_d, layout_basic,
          dreamdust_ecumenical_altar_statues, st_stairs_5
D:2:      kb_forest_paths, layout_rooms, serial_bayou_ford_a, st_stairs_8,
          dk_vineyard_3

Skill      XL: |  1  2  3 |
---------------+----------+-----
Dodging        | 2 |  2.3
Air Magic      | 3 |  3.4
Conjurations   | 1 |  1.1
Spellcasting   | 2 |  2.0
Fighting       | |  0.3
Stealth        | |  1.8

Action                     || total
---------------------------++-------
  Melee: Unarmed           ||     6
         Dagger            ||    25
         Short sword       ||    25
         Punch             ||     1
   Cast: Shock             ||    74
    Use: Scroll            ||     5
   Stab: Sleeping          ||     1
 Armour: Robe              ||    48
  Dodge: Dodged            ||    71

Table legend: (Time is in decaauts)
 A = Elapsed time spent in this place.
 B = Non-inter-level travel time spent in this place.
 C = Inter-level travel time spent in this place.
 D = Time resting spent in this place.
 E = Time spent auto-exploring this place.
 F = Levels seen in this place.
 G = Mean time per level.
                   A        B        C        D        E       F      G
               +--------+--------+--------+--------+--------+-----+--------+
         Total |   1694 |   1632 |     62 |    474 |    676 |   2 |  847.0 |
       Dungeon |   1694 |   1632 |     62 |    474 |    676 |   2 |  847.0 |
               +--------+--------+--------+--------+--------+-----+--------+

Top non-repeatable levels by time:
     D:1: 1445 daAuts
     D:2: 249 daAuts
